 Dungeon Crawl Stone Soup version 0.29-a0-885-gb26ba3297d (webtiles) character file.

Game seed: 551172963640012305

2 mandarbmax the Grasshopper (level 1, 0/19 HPs)
             Began as a Troll Warper on July 21, 2022.
             Succumbed to a goblin's poison
             ... on level 1 of the Dungeon.
             The game lasted 00:00:23 (80 turns).

mandarbmax the Grasshopper (Troll Warper)             Turns: 80, Time: 00:00:24

Health: 0/19       AC:  4    Str: 18    XL:     1   Next: 25%
Magic:  1/1        EV:  9    Int:  9    God:
Gold:   0          SH:  0    Dex:  9    Spells: 2/2 levels left

rFire   . . .      SeeInvis .     - Unarmed
rCold   . . .      Faith    .   (no shield)
rNeg    . . .      Spirit   .   a - +0 robe
rPois   .          Reflect  .   (helmet restricted)
rElec   .          Harm     .   (no cloak)
rCorr   .          Rampage  .   (gloves unavailable)
Will    .....                   (boots unavailable)
Stlth   +.........              (no amulet)
HPRegen 0.86/turn               (no ring)
MPRegen 0.07/turn               (no ring)

@: lethally poisoned (0 -> 0)
A: large, unfitting armour, claws 3, regeneration 1, shaggy fur 1, tough skin 1
a: no special abilities


You were on level 1 of the Dungeon.
You visited 1 branch of the dungeon, and saw 1 of its levels.

Inventory:

Missiles
 c - 7 boomerangs of dispersal (quivered)
Armour
 a - a +0 robe (worn)
Scrolls
 b - a scroll of blinking


   Skills:
 + Level 1.6 Fighting
 - Level 1.0 Throwing
 + Level 1.9 Dodging
 + Level 2.0 Unarmed Combat
 - Level 1.2 Spellcasting
 - Level 2.1 Translocations


You had 2 spell levels left.
You didn't know any spells.
Your spell library contained the following spells:

 Spells                   Type           Power      Damage    Failure   Level
 Blink                    Tloc           8%         N/A       22%         2
 Gell's Gravitas          Tloc           4%         N/A       41%         3
 Lesser Beckoning         Tloc           4%         N/A       41%         3
 Teleport Other           Tloc           4%         N/A       41%         3
 Manifold Assault         Tloc           4%         N/A       99%         5


Dungeon Overview and Level Annotations

Branches:
Dungeon (1/15)

Altars:


Innate Abilities, Weirdness & Mutations

You are too large for most types of armour.
You have claws for hands.
Your natural rate of healing is unusually fast.
You are covered in fur. (AC +1)
You have tough skin. (AC +1)


Message History

You are too injured to fight recklessly!
You are too injured to fight recklessly!
You are too injured to fight recklessly!
You are too injured to fight recklessly!
You are too injured to fight recklessly!
You are too injured to fight recklessly!
You are too injured to fight recklessly!
You closely miss the ball python.
* * * LOW HITPOINT WARNING * * *
You feel very sick. The ball python barely misses you.
You closely miss the ball python.
* * * LOW HITPOINT WARNING * * *
You feel sick. The ball python misses you.
You scratch the ball python but do no damage.
* * * LOW HITPOINT WARNING * * *
You feel sick.
The ball python bites you but does no damage. x2
You completely miss the ball python.
* * * LOW HITPOINT WARNING * * *
You feel sick.
The ball python bites you but does no damage.
You barely miss the ball python.
* * * LOW HITPOINT WARNING * * *
You feel sick.
The ball python bites you but does no damage.
You closely miss the ball python.
* * * LOW HITPOINT WARNING * * *
You feel sick. The ball python barely misses you.
You aren't carrying any potions.
Okay, then.
You closely miss the ball python.
* * * LOW HITPOINT WARNING * * *
You feel sick.
The ball python bites you but does no damage.
You barely miss the ball python.
* * * LOW HITPOINT WARNING * * *
You feel sick. The ball python barely misses you.
You closely miss the ball python.
You die...

#...#...#...#
##'##########
###...#...#
####.'.⌠.'...#
#....#...#...#
#.############
#.#######
#.S......
#@####### #)#
#.# #.. #.#
#.. #.# #..


You could see a ball python.

Vanquished Creatures
  A goblin (D:1)
  A frilled lizard (D:1)
2 creatures vanquished.

Notes
Turn   | Place    | Note
-------+----------+-------------------------------------------
     0 | D:1      | mandarbmax the Troll Warper began the quest for the Orb.
     0 | D:1      | Reached XP level 1. HP: 19/19 MP: 1/1
    72 | D:1      | Reached skill level 1 in Throwing
    80 | D:1      | Succumbed to a goblin's poison

Illustrated notes

Levels and vault maps discovered:
D:1:      co_arrival_random_square_maze, layout_loops_ring

Skill      XL: |  1 |
---------------+----+-----
Throwing       | 1 |  1.0
Fighting       | |  1.6
Dodging        | |  1.9
Unarmed Combat | |  2.0
Spellcasting   | |  1.2
Translocations | |  2.1

Action                   || total
-------------------------++-------
Melee: Unarmed           ||    12
Armor: Robe              ||     5
Dodge: Dodged            ||     6

Table legend: (Time is in decaauts)
 A = Elapsed time spent in this place.
 B = Non-inter-level travel time spent in this place.
 C = Inter-level travel time spent in this place.
 D = Time resting spent in this place.
 E = Time spent auto-exploring this place.
 F = Levels seen in this place.
 G = Mean time per level.
                   A        B        C        D        E       F      G
               +--------+--------+--------+--------+--------+-----+--------+
         Total |     79 |     79 |      0 |      0 |     65 |   1 |   79.0 |
       Dungeon |     79 |     79 |      0 |      0 |     65 |   1 |   79.0 |
               +--------+--------+--------+--------+--------+-----+--------+

Top non-repeatable levels by time:
     D:1: 79 daAuts
